AoeStats
← Kaiser Ze

Arena

509820729Analyzed
1v1 RM · 4d ago on Sep 28, 2026· 40m 15s· 2 players
Game mode
Random Map
Map size
Tiny (2 player)
Population
200
Speed
Normal
Resources
Standard
Victory
Conquest
Starting age
Dark Age
Ending age
Imperial Age
RankedLock teamsTeams togetherTeam positionsShared explorationLock speedFull tech treeHidden civsTurbo modeCheats
Victory
Defeat
🇦🇷 Byzantines · Argentina
1221
+18
🇨🇳 Japanese · China
1268
-18
1dt2gq
11:39 Feudal Age
15:18 Castle Age
13:11 Horse Collar
13:55 Double-Bit Axe
16:25 Bow Saw
17:27 Loom
24:08 Wheelbarrow
29:06 Imperial Age
27:20 Gold Mining
27:27 Fletching
28:06 Heavy Plow
29:19 Bodkin Arrow
29:35 Forging
29:31 Scale Barding Armor
30:20 Bracer
30:44 Ballistics
32:34 Conscription
32:57 Iron Casting
32:43 Hand Cart
37:46 Murder Holes
38:31 Chain Barding Armor
39:25 Gold Shaft Mining
40:32 Plate Barding Armor
40:25 Logistica
Kaiser Ze
10:15 Feudal Age
14:35 Castle Age
12:55 Double-Bit Axe
16:07 Gold Mining
16:31 Bow Saw
18:02 Arson
22:58 Scale Mail Armor
23:55 Forging
25:44 Iron Casting
27:02 Chain Mail Armor
32:03 Squires
38:59 Gambesons
Connection lost

Rejoining the realm…

Still unreachable

The connection could not be restored.

Session expired

The server has moved on; the page needs a fresh start.